 Dungeon Crawl Stone Soup version 0.23-a0-183-gf37f6fb (webtiles) character file.

37 Felrender the Covered (level 3, -3/29 HPs)
             Began as a Demonspawn Fighter on Sept 22, 2018.
             Slain by Sigmund
             ... wielding a +4 scythe of venom
              (13 damage)
             ... on level 2 of the Dungeon.
             The game lasted 00:03:06 (1309 turns).

Felrender the Covered (Demonspawn Fighter)          Turns: 1309, Time: 00:03:06

Health: -3/29      AC:  8    Str: 17    XL:     3   Next: 23%
Magic:  3/3        EV:  7    Int:  9    God:
Gold:   38         SH:  9    Dex: 12    Spells: 2/2 levels left

rFire    . . .     SeeInvis .   a - +0 long sword
rCold    . . .     Gourm    .   c - +0 shield
rNeg     . . .     Faith    .   b - +0 scale mail
rPois    .         Spirit   .   (helmet restricted)
rElec    .         Reflect  .   h - +0 cloak
rCorr    .         Harm     .   (no gloves)
MR       .....                  (no boots)
Stlth    ..........             (no amulet)
HPRegen  0.09/turn              (no ring)
MPRegen  0.08/turn              (no ring)

@: lethally poisoned (-3 -> -21)
A: horns 1
a: no special abilities


You were on level 2 of the Dungeon.
You were not hungry.

You visited 1 branch of the dungeon, and saw 2 of its levels.

You collected 38 gold pieces.

Inventory:

Hand Weapons
 a - a +0 long sword (weapon)
Armour
 b - a +0 scale mail (worn)
 c - a +0 shield (worn)
 h - a +0 cloak (worn)
Potions
 e - a potion of might
 i - a potion of heal wounds {unknown}
Comestibles
 d - a chunk of flesh
 f - 2 rations


   Skills:
 * Level 3.1 Fighting
 + Level 1.9 Long Blades
 + Level 3.3 Armour
 + Level 0.1 Dodging
 + Level 3.0 Shields
 * Level 0.7 Unarmed Combat


You had 2 spell levels left.
You didn't know any spells.
Your spell library was empty.

Dungeon Overview and Level Annotations

Branches:
Dungeon (2/15)

Altars:

Annotations:
D:2 Sigmund


Innate Abilities, Weirdness & Mutations

You have a pair of small horns on your head.


Message History

a - a +0 long sword (weapon)
An ooze comes into view.
Sigmund points at you and mumbles some strange words.
The magic dart hits you!
You closely miss Sigmund.
The ooze quivers.
You headbutt Sigmund.
Sigmund is lightly wounded.
Sigmund hits you with a scythe of venom.
You are poisoned.
You slash Sigmund!
Sigmund is moderately wounded.
You feel sick.
Sigmund hits you with a scythe of venom.
You are lethally poisoned!
You hit Sigmund.
Sigmund is heavily wounded.
You feel sick.
Sigmund hits you with a scythe of venom!
You die...

...# #.
####..#.#..
..#..#...
##.#..#...
+........
#.....#.#
#...#.#.#
#.......#
#...##@##
#...##@.#
#...###.# #...#
.. .######...#
#J. ..........#
..#
#########.#####.#
#.......<#..
#.......##


You could see Sigmund and an ooze.

Vanquished Creatures
  2 giant cockroaches (D:1)
  4 goblins (D:1)
  5 hobgoblins (D:1)
  7 jackals (D:1)
  2 kobolds (D:1)
  A ball python (D:1)
  4 bats
  3 frilled lizards
  5 rats (D:1)
33 creatures vanquished.

Notes
Turn   | Place    | Note
-------+----------+-------------------------------------------
     0 | D:1      | Felrender the Demonspawn Fighter began the quest for the
                  | Orb.
     0 | D:1      | Reached XP level 1. HP: 18/18 MP: 1/1
   237 | D:1      | Gained mutation: You have a pair of small horns on your
                  | head. [demonic ancestry]
   237 | D:1      | Reached XP level 2. HP: 16/24 MP: 2/2
   780 | D:1      | Reached XP level 3. HP: 18/29 MP: 3/3
  1304 | D:2      | Noticed Sigmund
  1309 | D:2      | Slain by Sigmund

Vault maps used:
D:1:      eino_arrival_cavern_e, minivault_23
D:2:      nicolae_gozag_seed_capital, kennysheep_generic_room_16, uniq_sigmund

Skill      XL: |  1  2  3 |
---------------+----------+-----
Armour         | 3 |  3.3
Shields        | 3 |  3.0
Fighting       | |  3.1
Long Blades    | |  1.9
Dodging        | |  0.1
Unarmed Combat | |  0.7

Action                   || total
-------------------------++-------
Melee: Long sword        ||    66
       Unarmed           ||    86
       Headbutt          ||    13
  Use: Potion            ||     2
       Scroll            ||     5
  Eat: Chunk             ||     2
Armor: Scale mail        ||   115
Dodge: Dodged            ||    45
Block: Shield            ||    77
       Rpst.: Long sword ||     5

Table legend:
 A = Non-vault XP
 B = Vault XP
 C = Vault XP percentage of total XP
 D = Non-vault monster count
 E = Vault monster count
 F = Vault count percentage of total count
                 A         B        C        D         E       F
            +---------+---------+-------+---------+---------+-------
      Total |      54 |       0 |   0.0 |      33 |       0 |   0.0
            +---------+---------+-------+---------+---------+-------
        D:1 |      52 |       0 |   0.0 |      31 |       0 |   0.0
        D:2 |       2 |       0 |   0.0 |       2 |       0 |   0.0
            +---------+---------+-------+---------+---------+-------
